 Seeded DCSS version 0.29.1-1-gd02db6906a (webtiles) character file.

Game seed: 1 (custom seed)

53 Kazon the Shield-Bearer (level 3, 0/30 HPs)
             Began as a Vine Stalker Fighter on Oct 18, 2022.
             Succumbed to a kobold's poison
             ... on level 2 of the Dungeon.
             The game lasted 00:05:47 (1139 turns).

Kazon the Shield-Bearer (Vine Stalker Fighter)      Turns: 1139, Time: 00:05:47

Health: 0/30       AC: 10    Str: 20    XL:     3   Next: 89%
Magic:  4/4        EV:  9    Int:  8    God:
Gold:   958        SH:  4    Dex: 13    Spells: 2/2 levels left

rFire   . . .      SeeInvis .   a - +0 long sword
rCold   . . .      Faith    .   c - +0 buckler
rNeg    . . .      Spirit   +   b - +0 scale mail
rPois   .          Reflect  .   k - +0 helmet
rElec   .          Harm     .   (no cloak)
rCorr   .          Rampage  .   (no gloves)
Will    .....                   l - +2 pair of boots
Stlth   ..........              e - amulet of the acrobat
HPRegen 0.10/turn               (no ring)
MPRegen 0.09/turn               (no ring)

@: berserking, lethally poisoned (0 -> -14), very quick
A: fangs 2, magic shield, antimagic bite, no potion heal 2
a: no special abilities


You were on level 2 of the Dungeon.
You visited 1 branch of the dungeon, and saw 2 of its levels.

You collected 958 gold pieces.

Inventory:

Hand Weapons
 a - a +0 long sword (weapon)
Missiles
 j - 7 stones (quivered)
Armour
 b - a +0 scale mail (worn)
 c - a +0 buckler (worn)
 k - a +0 helmet (worn)
 l - a +2 pair of boots (worn)
Jewellery
 e - an amulet of the acrobat (around neck)
Scrolls
 i - a scroll of identify {unknown}
 n - a scroll of immolation {unknown}
Potions
 d - a potion of might
 f - a potion of haste {unknown}
 g - a potion of flight {unknown}
 h - a potion of attraction {unknown}


   Skills:
 * Level 3.0 Fighting
 + Level 2.3 Long Blades
 + Level 2.7 Armour
 + Level 0.2 Dodging
 + Level 3.2 Shields


You had 2 spell levels left.
You didn't know any spells.
Your spell library contained the following spells:

 Spells                   Type           Power      Damage    Failure   Level
 Apportation              Tloc           0%         N/A       86%         1
 Necrotise                Necr           0%         1d4       86%         1
 Summon Small Mammal      Summ           0%         N/A       86%         1


Dungeon Overview and Level Annotations

Branches:
Dungeon (2/15)

Altars:


Innate Abilities, Weirdness & Mutations

You have extremely sharp teeth.
When hurt, damage is shared between your health and your magic reserves.
Your bite disrupts and absorbs the magic of your enemies.
Potions cannot restore your health.


Message History

You barely miss the hobgoblin.
You bite the hobgoblin, but do no damage.
You block the hobgoblin's attack.
You hit the hobgoblin. Your bite misses the hobgoblin.
The hobgoblin is moderately wounded.
The hobgoblin hits you but does no damage.
The hobgoblin hits you.
You hit the hobgoblin but do no damage.
You bite the hobgoblin, but do no damage.
The hobgoblin is moderately wounded.
The hobgoblin closely misses you.
You hit the hobgoblin.
The hobgoblin is moderately wounded.
You block the hobgoblin's attack.
You hit the hobgoblin but do no damage. You bite the hobgoblin.
You kill the hobgoblin!
The kobold hits you but does no damage.
You are poisoned.
You closely miss the kobold. You bite the kobold. You drain its power.
The kobold is severely wounded.
You feel very sick. You block the kobold's attack.
You barely miss the kobold. Your bite misses the kobold.
The kobold is severely wounded.
You feel sick. The kobold hits you but does no damage.
You are lethally poisoned!
The kobold hits you but does no damage.
You are more poisoned.
You hit the kobold.
You kill the kobold!
* * * LOW HITPOINT WARNING * * *
You feel extremely sick.
* * * LOW HITPOINT WARNING * * *
You feel very sick.
Things that are here:
a +2 dagger of venom; a hobgoblin corpse It was a potion of berserk rage.
A red film seems to cover your vision as you go berserk!
You feel yourself moving faster!
You feel mighty!
You die...

########
....)..###########
######..........:#
#.>########.#
#.... #@# ##.###
#.# #.# #.# #[#
#.# #.. #.# #.#
#.# #.# #.#


There were no monsters in sight!

Vanquished Creatures
  2 adders (D:2)
  A worm (D:2)
  6 endoplasms
  A giant cockroach (D:1)
  6 goblins
  4 hobgoblins
  2 kobolds
  A quokka (D:1)
  A ball python (D:2)
  2 bats
  A frilled lizard (D:2)
  3 rats (D:1)
30 creatures vanquished.

Notes
Turn   | Place    | Note
-------+----------+-------------------------------------------
     0 | D:1      | Kazon the Vine Stalker Fighter began the quest for the Orb.
     0 | D:1      | Reached XP level 1. HP: 11/11 MP: 2/2
    35 | D:1      | Identified a scroll of acquirement
    35 | D:1      | Acquired 808 gold pieces
   156 | D:1      | Reached XP level 2. HP: 15/16 MP: 3/3
   750 | D:2      | Reached XP level 3. HP: 20/20 MP: 4/4
  1138 | D:2      | HP: 1/20 [poisoned by a kobold]
  1139 | D:2      | Succumbed to a kobold's poison

Illustrated notes

Levels and vault maps discovered:
D:1:      dpeg_arrival_three_smaller_balls, layout_basic
D:2:      layout_loops_ring

Skill      XL: |  1  2  3 |
---------------+----------+-----
Shields        | 3 |  3.2
Fighting       | 3 |  3.0
Long Blades    | 2 |  2.3
Armour         | |  2.7
Dodging        | |  0.2

Action                   || total
-------------------------++-------
Melee: Long sword        ||    77
       Bite              ||    14
  Use: Scroll            ||     1
       Potion            ||     1
Armor: Scale mail        ||    30
Dodge: Dodged            ||    41
Block: Buckler           ||    17
